APL (24 & UNDER)
MONTGOMERY GREY SOX @ SCOTTSDALE SCORPIONS
08/27/2030
 
TOP OF THE 1ST
Montgomery Grey Sox batting - Pitching for Scottsdale Scorpions : RHP Rick Díaz
Pitching: RHP Rick Díaz
Batting: RHB Julius Farmer 0-0: Called Strike
0-1: Ball
1-1: SINGLE (Groundball, 56S) (infield hit)
Batting: SHB Wilson Bray 0-0: Fly out, F9 (Line Drive, 9)
Batting: RHB Andrew Lewis 0-0: Ball
Julius Farmer is caught stealing 2nd base
1-0: Called Strike
1-1: Ball
2-1: Swinging Strike
2-2: Fly out, F9 (Flyball, 9D)
Top of the 1st over - 0 runs, 1 hit, 0 errors, 0 left on base; Montgomery 0 - Scottsdale 0
BOTTOM OF THE 1ST
Scottsdale Scorpions batting - Pitching for Montgomery Grey Sox : RHP Ken Rivera
Pitching: RHP Ken Rivera
Batting: LHB Ernesto Hernández 0-0: Called Strike
0-1: Ground out 4-3 (Groundball, 4)
Batting: RHB José Martínez 0-0: Fly out, F6 (Line Drive, 6)
Batting: LHB Tony Ayala 0-0: Called Strike
0-1: Swinging Strike
0-2: SOLO HOME RUN (Flyball, 9D), Distance : 351 ft
Batting: RHB Phil Rowlett 0-0: Ball
1-0: Foul Ball, location: 2F
1-1: Ball
2-1: Foul Ball, location: 2F
2-2: Ball
3-2: Foul Ball, location: 2F
3-2: Base on Balls
Batting: LHB John Jones 0-0: Fly out, F8 (Flyball, 89D)
Bottom of the 1st over - 1 run, 1 hit, 0 errors, 1 left on base; Montgomery 0 - Scottsdale 1
TOP OF THE 2ND
Montgomery Grey Sox batting - Pitching for Scottsdale Scorpions : RHP Rick Díaz
Batting: RHB Pedro Castro 0-0: Ball
1-0: Fly out, F9 (Flyball, 9S)
Batting: RHB Randall James 0-0: Ball
1-0: Ball
2-0: Fly out, F7 (Flyball, 78S)
Batting: LHB José Parra 0-0: Swinging Strike
0-1: Ball
1-1: Foul Ball, location: 2F
1-2: Foul Ball, location: 2F
1-2: Ground out 5-3 (Groundball, 56)
Top of the 2nd over - 0 runs, 0 hits, 0 errors, 0 left on base; Montgomery 0 - Scottsdale 1
BOTTOM OF THE 2ND
Scottsdale Scorpions batting - Pitching for Montgomery Grey Sox : RHP Ken Rivera
Batting: LHB Ángel De Jesús 0-0: Fly out, F7 (Flyball, 7D)
Batting: RHB Rob Johnston 0-0: Called Strike
0-1: SINGLE (Groundball, 56D)
Batting: RHB Manny Moreno 0-0: Ball
Rob Johnston steals 2nd base
1-0: Ball
2-0: Called Strike
2-1: Called Strike
2-2: Fly out, F9 (Flyball, 9)
Batting: RHB Miguel Ramos 0-0: Called Strike
0-1: Ball
1-1: Fly out, F4 (Line Drive, 4)
Bottom of the 2nd over - 0 runs, 1 hit, 0 errors, 1 left on base; Montgomery 0 - Scottsdale 1
TOP OF THE 3RD
Montgomery Grey Sox batting - Pitching for Scottsdale Scorpions : RHP Rick Díaz
Batting: RHB José Torres 0-0: Ball
1-0: DOUBLE (Line Drive, 7LM)
Batting: RHB Andrés Jiménez 0-0: Ball
1-0: Ball
2-0: Ball
3-0: Base on Balls
Batting: RHB Norman Hopkins 0-0: Foul Ball, location: 2F
0-1: SINGLE (Line Drive, 78M)
José Torres to third
Andrés Jiménez to second
Batting: RHB Julius Farmer 0-0: Called Strike
0-1: Ball
1-1: Swinging Strike
1-2: Strikes out looking
Batting: SHB Wilson Bray 0-0: Called Strike
0-1: Ball
1-1: Ball
2-1: Ball
3-1: Called Strike
3-2: Base on Balls
José Torres scores
Andrés Jiménez to third
Norman Hopkins to second
Batting: RHB Andrew Lewis 0-0: Ball
1-0: Swinging Strike
1-1: Ball
2-1: Fly out, F9 (Line Drive, 89S)
Runner from 3rd tags up, SCORES, no throw
Batting: RHB Pedro Castro 0-0: Foul Ball, location: 2F
0-1: Foul Ball, location: 2F
0-2: Ball
1-2: 3-RUN HOME RUN (Flyball, 7LD), Distance : 328 ft
Batting: RHB Randall James 0-0: Called Strike
0-1: Ball
1-1: DOUBLE (Flyball, 8RD)
Batting: LHB José Parra 0-0: Ball
1-0: Swinging Strike
1-1: Ball
2-1: Ball
3-1: Called Strike
3-2: Foul Ball, location: 2F
3-2: Strikes out swinging
Top of the 3rd over - 5 runs, 4 hits, 0 errors, 1 left on base; Montgomery 5 - Scottsdale 1
BOTTOM OF THE 3RD
Scottsdale Scorpions batting - Pitching for Montgomery Grey Sox : RHP Ken Rivera
Batting: LHB Ernesto Hernández 0-0: Called Strike
0-1: Swinging Strike
0-2: Strikes out looking
Batting: RHB José Martínez 0-0: Called Strike
0-1: Ball
1-1: Swinging Strike
1-2: Ball
2-2: Ball
3-2: Foul Ball, location: 2F
3-2: SINGLE (Groundball, 4MD)
Batting: LHB Tony Ayala 0-0: Fielders Choice at 2nd, 6-4 (Groundball, 6M)
Batting: RHB Phil Rowlett 0-0: Ball
Tony Ayala steals 2nd base
1-0: Ball
2-0: Called Strike
2-1: Ball
3-1: Base on Balls
Batting: LHB John Jones 0-0: Ground out 4-3 (Groundball, 34D)
Bottom of the 3rd over - 0 runs, 1 hit, 0 errors, 2 left on base; Montgomery 5 - Scottsdale 1
TOP OF THE 4TH
Montgomery Grey Sox batting - Pitching for Scottsdale Scorpions : RHP Rick Díaz
Batting: RHB José Torres 0-0: Called Strike
0-1: Swinging Strike
0-2: Strikes out swinging
Batting: RHB Andrés Jiménez 0-0: Called Strike
0-1: Hit by Pitch
Batting: RHB Norman Hopkins 0-0: Called Strike
0-1: Foul Ball, location: 2F
0-2: Ball
1-2: Ball
2-2: Ball
3-2: Foul Ball, location: 2F
3-2: Base on Balls
Andrés Jiménez to second
Pitching: RHP José Alvarado
Batting: RHB Julius Farmer 0-0: Ball
1-0: Ball
2-0: Called Strike
2-1: Ball
3-1: Foul Ball, location: 2F
3-2: DOUBLE (Flyball, 8LD)
Andrés Jiménez scores
Norman Hopkins to third
Batting: SHB Wilson Bray 0-0: Intentional Walk
Batting: RHB Andrew Lewis 0-0: Ball
1-0: Ball
2-0: Called Strike
2-1: Ball
3-1: Called Strike
3-2: Base on Balls
Norman Hopkins scores
Julius Farmer to third
Wilson Bray to second
Batting: RHB Pedro Castro 0-0: Foul Ball, location: 2F
0-1: Ball
1-1: Foul Ball, location: 2F
1-2: Ball
2-2: Ball
3-2: Strikes out swinging
Batting: RHB Randall James 0-0: Ball
1-0: Ball
2-0: DOUBLE (Line Drive, 9LM)
Julius Farmer scores
Wilson Bray scores
Andrew Lewis to third
Runner from 3rd tries for Home, SAFE, no throw
Batting: LHB José Parra 0-0: Foul Ball, location: 2F
0-1: Ball
1-1: Ball
2-1: Ball
3-1: Foul Ball, location: 2F
3-2: Foul Ball, location: 2F
3-2: Strikes out swinging
Top of the 4th over - 5 runs, 2 hits, 0 errors, 1 left on base; Montgomery 10 - Scottsdale 1
BOTTOM OF THE 4TH
Scottsdale Scorpions batting - Pitching for Montgomery Grey Sox : RHP Ken Rivera
Batting: LHB Ángel De Jesús 0-0: Ball
1-0: Ball
2-0: Fly out, F5 (Line Drive, 56)
Batting: RHB Rob Johnston 0-0: Called Strike
0-1: Ball
1-1: Ball
2-1: Fly out, F8 (Flyball, 8RM)
Batting: RHB Manny Moreno 0-0: DOUBLE (Line Drive, 89D)
Batting: RHB Miguel Ramos 0-0: Ball
1-0: Ball
2-0: Reached on error, E5 (Groundball, 5)
Manny Moreno scores
Batting: LHB Ernesto Hernández 0-0: Ball
1-0: Ball
2-0: Ball
3-0: Called Strike
3-1: Base on Balls
Batting: RHB José Martínez 0-0: Ball
1-0: Ball
2-0: Called Strike
2-1: Foul Ball, location: 2F
2-2: Ball
3-2: Hit by Pitch
Miguel Ramos to third
Ernesto Hernández to second
Batting: LHB Tony Ayala 0-0: Foul Ball, location: 2F
0-1: Foul Ball, location: 2F
0-2: Ball
1-2: Fielders Choice at 2nd, 6-4 (Groundball, 6)
Bottom of the 4th over - 1 run, 1 hit, 1 error, 3 left on base; Montgomery 10 - Scottsdale 2
TOP OF THE 5TH
Montgomery Grey Sox batting - Pitching for Scottsdale Scorpions : RHP José Alvarado
Batting: RHB José Torres 0-0: Ground out 1-3 (Groundball, 13S)
Batting: RHB Andrés Jiménez 0-0: Called Strike
0-1: SINGLE (Line Drive, 78M)
Batting: RHB Norman Hopkins 0-0: Ground out 3-1 (Groundball, 34S)
Andrés Jiménez to second
Batting: RHB Julius Farmer 0-0: Ball
1-0: Ball
2-0: Ball
3-0: Base on Balls
Batting: SHB Wilson Bray 0-0: Ball
1-0: Ball
2-0: Foul Ball, location: 2F
2-1: Called Strike
2-2: Foul Ball, location: 2F
2-2: Foul Ball, location: 2F
2-2: Foul Ball, location: 2F
2-2: Fly out, F8 (Flyball, 78D)
Top of the 5th over - 0 runs, 1 hit, 0 errors, 2 left on base; Montgomery 10 - Scottsdale 2
BOTTOM OF THE 5TH
Scottsdale Scorpions batting - Pitching for Montgomery Grey Sox : RHP Ken Rivera
Batting: RHB Phil Rowlett 0-0: Called Strike
0-1: Ground out 4-3 (Groundball, 4)
Batting: LHB John Jones 0-0: Called Strike
0-1: Ball
1-1: Ground out 4-3 (Groundball, 4S)
Batting: LHB Ángel De Jesús 0-0: Ball
1-0: Called Strike
1-1: Foul Ball, location: 2F
1-2: Fly out, F5 (Popup, 15S)
Bottom of the 5th over - 0 runs, 0 hits, 0 errors, 0 left on base; Montgomery 10 - Scottsdale 2
TOP OF THE 6TH
Montgomery Grey Sox batting - Pitching for Scottsdale Scorpions : RHP José Alvarado
Batting: RHB Andrew Lewis 0-0: Ball
1-0: Swinging Strike
1-1: Foul Ball, location: 2F
1-2: Ball
2-2: Fly out, F8 (Flyball, 78D)
Batting: RHB Pedro Castro 0-0: Ball
1-0: Called Strike
1-1: Foul Ball, location: 2F
1-2: Strikes out looking
Batting: RHB Randall James 0-0: Ball
1-0: Called Strike
1-1: Ball
2-1: DOUBLE (Line Drive, 78D)
Batting: LHB José Parra 0-0: Called Strike
0-1: Called Strike
0-2: Ball
1-2: Ball
2-2: Strikes out swinging
Top of the 6th over - 0 runs, 1 hit, 0 errors, 1 left on base; Montgomery 10 - Scottsdale 2
BOTTOM OF THE 6TH
Scottsdale Scorpions batting - Pitching for Montgomery Grey Sox : RHP Ken Rivera
Batting: RHB Rob Johnston 0-0: Ball
1-0: Swinging Strike
1-1: Swinging Strike
1-2: Ball
2-2: Strikes out swinging
Batting: RHB Manny Moreno 0-0: Ball
1-0: Ball
2-0: Ball
3-0: Called Strike
3-1: Swinging Strike
3-2: Ground out 6-3 (Groundball, 6)
Batting: RHB Miguel Ramos 0-0: Ball
1-0: Fly out, F6 (Line Drive, 6M)
Bottom of the 6th over - 0 runs, 0 hits, 0 errors, 0 left on base; Montgomery 10 - Scottsdale 2
TOP OF THE 7TH
Montgomery Grey Sox batting - Pitching for Scottsdale Scorpions : RHP José Alvarado
Batting: RHB José Torres 0-0: Foul Ball, location: 2F
0-1: Called Strike
0-2: Strikes out swinging
Batting: RHB Andrés Jiménez 0-0: Swinging Strike
0-1: Called Strike
0-2: Foul Ball, location: 2F
0-2: SINGLE (Groundball, 34D)
Pitching: RHP José Amaya
Batting: RHB Norman Hopkins 0-0: Ball
1-0: Called Strike
1-1: Ball
2-1: Ball
3-1: Base on Balls
Andrés Jiménez to second
Batting: RHB Julius Farmer 0-0: Ball
1-0: Ball
2-0: Called Strike
2-1: Foul Ball, location: 2F
2-2: Ball
3-2: Strikes out swinging
Batting: SHB Wilson Bray 0-0: Ball
1-0: Foul Ball, location: 2F
1-1: Called Strike
1-2: Ball
2-2: 3-RUN HOME RUN (Flyball, 9D), Distance : 362 ft
Batting: RHB Andrew Lewis 0-0: Ball
1-0: SOLO HOME RUN (Flyball, 9D), Distance : 337 ft
Batting: RHB Pedro Castro 0-0: Foul Ball, location: 2F
0-1: Fly out, F8 (Line Drive, 8LS)
Top of the 7th over - 4 runs, 3 hits, 0 errors, 0 left on base; Montgomery 14 - Scottsdale 2
BOTTOM OF THE 7TH
Scottsdale Scorpions batting - Pitching for Montgomery Grey Sox : RHP Ken Rivera
Batting: LHB Ernesto Hernández 0-0: Foul Ball, location: 2F
0-1: Foul Ball, location: 2F
0-2: SINGLE (Groundball, 34) (infield hit)
Batting: RHB José Martínez 0-0: SINGLE (Flyball, 78S)
Ernesto Hernández to second
Batting: LHB Tony Ayala 0-0: Called Strike
0-1: Called Strike
0-2: Ball
1-2: Strikes out swinging
Batting: RHB Phil Rowlett 0-0: Ball
Ernesto Hernández steals 3rd base
1-0: Called Strike
1-1: Ball
2-1: Ball
3-1: Base on Balls
José Martínez to second
Batting: LHB John Jones 0-0: Called Strike
0-1: Ball
1-1: Ball
2-1: Ball
3-1: Base on Balls
Ernesto Hernández scores
José Martínez to third
Phil Rowlett to second
Batting: LHB Ángel De Jesús 0-0: Ball
1-0: Foul Ball, location: 2F
1-1: Called Strike
1-2: Strikes out swinging
Batting: RHB Rob Johnston 0-0: Ball
1-0: Ball
2-0: Ball
3-0: Base on Balls
José Martínez scores
Phil Rowlett to third
John Jones to second
Batting: RHB Manny Moreno 0-0: Ball
1-0: Called Strike
1-1: Foul Ball, location: 2F
1-2: DOUBLE (Line Drive, 7LM)
Phil Rowlett scores
John Jones scores
Rob Johnston to third
Runner from 3rd tries for Home, SAFE, no throw
Pitching: RHP Josh Jenkins
Batting: RHB Miguel Ramos 0-0: Ball
1-0: Ball
2-0: Ball
3-0: Called Strike
3-1: Base on Balls
Batting: LHB Ernesto Hernández 0-0: Ball
1-0: Ball
2-0: Called Strike
2-1: Foul Ball, location: 2F
2-2: Ball
3-2: Foul Ball, location: 2F
3-2: Ground out 4-3 (Groundball, 4)
Bottom of the 7th over - 5 runs, 3 hits, 0 errors, 2 left on base; Montgomery 14 - Scottsdale 7
TOP OF THE 8TH
Montgomery Grey Sox batting - Pitching for Scottsdale Scorpions : RHP José Amaya
Batting: RHB Randall James 0-0: Ball
1-0: Ball
2-0: Ball
3-0: Called Strike
3-1: Foul Ball, location: 2F
3-2: Fly out, F9 (Flyball, 89S)
Batting: LHB José Parra 0-0: Ball
1-0: Ball
2-0: Ball
3-0: Called Strike
3-1: Swinging Strike
3-2: Fly out, F7 (Flyball, 78D)
Batting: RHB José Torres 0-0: Called Strike
0-1: Fly out, F7 (Flyball, 7)
Top of the 8th over - 0 runs, 0 hits, 0 errors, 0 left on base; Montgomery 14 - Scottsdale 7
BOTTOM OF THE 8TH
Scottsdale Scorpions batting - Pitching for Montgomery Grey Sox : RHP Josh Jenkins
Pinch Hitting: RHB Randy Banks 0-0: Fly out, F8 (Flyball, 8LD)
Batting: LHB Tony Ayala 0-0: Fly out, F7 (Flyball, 7D)
Batting: RHB Phil Rowlett 0-0: Called Strike
0-1: Ball
1-1: Ball
2-1: Ball
3-1: Foul Ball, location: 2F
3-2: SINGLE (Line Drive, 78S)
Batting: LHB John Jones 0-0: Swinging Strike
0-1: Ball
1-1: Foul Ball, location: 2F
1-2: Strikes out swinging
Bottom of the 8th over - 0 runs, 1 hit, 0 errors, 1 left on base; Montgomery 14 - Scottsdale 7
TOP OF THE 9TH
Montgomery Grey Sox batting - Pitching for Scottsdale Scorpions : RHP José Amaya
Now at SS: Randy Banks
Batting: RHB Andrés Jiménez 0-0: Called Strike
0-1: Swinging Strike
0-2: Strikes out swinging
Batting: RHB Norman Hopkins 0-0: Called Strike
0-1: Ball
1-1: Swinging Strike
1-2: Strikes out swinging, 2-3 out at first.
Batting: RHB Julius Farmer 0-0: Ball
1-0: Called Strike
1-1: Foul Ball, location: 2F
1-2: Strikes out looking
Top of the 9th over - 0 runs, 0 hits, 0 errors, 0 left on base; Montgomery 14 - Scottsdale 7
BOTTOM OF THE 9TH
Scottsdale Scorpions batting - Pitching for Montgomery Grey Sox : RHP Josh Jenkins
Batting: LHB Ángel De Jesús 0-0: Called Strike
0-1: Ball
1-1: Foul Ball, location: 2F
1-2: SINGLE (Groundball, 6MD)
Batting: RHB Rob Johnston 0-0: Ball
1-0: Ball
2-0: Swinging Strike
2-1: Foul Ball, location: 2F
2-2: Foul Ball, location: 2F
2-2: Fly out, F7 (Flyball, 78D)
Batting: RHB Manny Moreno 0-0: Ball
1-0: Grounds into double play, 4-6-3 (Groundball, 4)
Bottom of the 9th over - 0 runs, 1 hit, 0 errors, 0 left on base; Montgomery 14 - Scottsdale 7
Saturday, April 7th, 2018 - OOTP Baseball 18.8 Build 76